Cogmind - Beta 9.4 --- EXPLORER MODE // 2020.02.16 @ 21:43:51 Player: K.Ioz Result: Destroyed by G-67 Veteran with Plasma Rifle Performance ------------- Evolutions (3) 1500 Regions Visited (13) 2600 Robots Destroyed (118) 590 Value Destroyed (4473) 4473 Prototype IDs (238) 4760 Alien Tech Used (0) 0 Bonus (3675) 3675 TOTAL SCORE: 17598 Bonus ------- High Alert Combat Kills 22 Follower Combat Kills 74 Aligned with FarCom 300 Met Data Miner 300 Used Data Conduit 3000 Friendly Fire -21 Cogmind --------- Core Integrity 0/700 Matter 300/300 Energy 99/100 System Corruption 0% Temperature Cool (12) Movement Core (50) Location -6/Proximity Caves Parts ------- > --- POWER (1) -------- (None) > --- PROPULSION (3) --- (None) > --- UTILITY (5) ------ Coolant Injector > --- WEAPON (5) ------- (None) > --- INVENTORY (4) ---- Improved Deuterium Engine Advanced Heat Sink AWS/Gauss Peak State ------------ > --- POWER ------------ Improved Deuterium Engine > --- PROPULSION ------- Armored Treads Armored Treads Armored Treads > --- UTILITY ---------- Improved Cooling System Improved Cooling System Coolant Injector High-capacity Storage Unit Reflective Plating > --- WEAPON ----------- Improved EM Shotgun Heavy Particle Gun Compact Ion Cannon Improved Assault Rifle Minigun > --- INVENTORY -------- Light Ion Engine Armored Treads Advanced Treads Advanced Heat Sink High-capacity Battery High-capacity Matter Pod Medium Armor Plating Heavy Particle Cannon Guided Plasma Cannon AWS/Gauss Heavy Rocket Launcher [Rating: 52] Favorites ----------- Power Ion Engine Engine Ion Engine Propulsion Light Treads Treads Light Treads Utility High-capacity Storage Unit Device Improved Heat Sink Storage High-capacity Storage Unit Processor Armor Integrity Analyzer Protection Propulsion Shielding Weapon EM Pulse Gun Energy Gun EM Pulse Gun Energy Cannon Light EM Pulse Cannon Ballistic Gun Light Assault Rifle Ballistic Cannon Improved Light Cannon Launcher Heavy Rocket Launcher Build | -11 -10 -10 -9 -9 -9 -8 -8 -8 -7 -7 -7 -7 -6 ------- Run | Scr Mat Min Mat Min Exi Min Mat Sto Fac Low Low Dat Pro Slots Evolved 7 | . 1 . 2 . . . 2 . 2 . . . . Power . | . . . . . . . . . . . . . . Propulsion 1 | . . . . . . . 1 . . . . . . Utility 3 | . 1 . . . . . 1 . 1 . . . . Weapon 3 | . . . 2 . . . . . 1 . . . . Parts Attached 66 | 9 . . 2 . 1 4 15 15 12 4 2 1 1 Power 5 | 1 . . . . . . . 2 1 1 . . . Engine 5 | 1 . . . . . . . 2 1 1 . . . Core . | . . . . . . . . . . . . . . Reactor . | . . . . . . . . . . . . . . Propulsion 9 | 2 . . . . . . 1 3 3 . . . . Treads 9 | 2 . . . . . . 1 3 3 . . . . Leg . | . . . . . . . . . . . . . . Wheel . | . . . . . . . . . . . . . . Hover . | . . . . . . . . . . . . . . Flight . | . . . . . . . . . . . . . . Utility 21 | 4 . . 1 . 1 . 3 6 4 1 . . 1 Device 12 | . . . 1 . . . 3 3 4 . . . 1 Storage 2 | 1 . . . . 1 . . . . . . . . Processor 3 | 1 . . . . . . . 2 . . . . . Hackware . | . . . . . . . . . . . . . . Protection 4 | 2 . . . . . . . 1 . 1 . . . Artifact . | . . . . . . . . . . . . . . Weapon 31 | 2 . . 1 . . 4 11 4 4 2 2 1 . Energy Gun 10 | 1 . . . . . 1 5 2 1 . . . . Energy Cannon 9 | . . . 1 . . 2 3 2 . . 1 . . Ballistic Gun 9 | 1 . . . . . 1 3 . 2 1 1 . . Ballistic Cannon 1 | . . . . . . . . . 1 . . . . Launcher 2 | . . . . . . . . . . 1 . 1 . Special Weapon . | . . . . . . . . . . . . . . Impact Weapon . | . . . . . . . . . . . . . . Slashing Weapon . | . . . . . . . . . . . . . . Piercing Weapon . | . . . . . . . . . . . . . . Special Melee Weapon . | . . . . . . . . . . . . . . Unidentified Prototypes 5 | . . . . . . . 1 3 1 . . . . Parts Lost 18 | . . . . . . . 1 1 . 1 2 13 . Power 2 | . . . . . . . . 1 . . . 1 . Propulsion 3 | . . . . . . . . . . . . 3 . Utility 4 | . . . . . . . . . . 1 . 3 . Weapon 9 | . . . . . . . 1 . . . 2 6 . Highest Loss Streak 13 | . . . . . . . 1 1 . 1 2 13 . Average Slot Usage (%) 94 | . 87 87 77 90 90 97 98 99 99 100 99 92 6 Engine 8 | . 12 12 10 10 10 10 8 8 7 7 7 6 . Treads 21 | . 25 25 20 20 20 20 24 24 21 21 21 19 . Device 13 | . . . 4 10 10 10 15 15 20 21 21 19 6 Storage 8 | . 12 12 10 10 10 10 8 8 7 7 7 6 . Protection 8 | . 12 12 10 10 10 10 8 7 7 7 7 5 . Energy Gun 9 | . 12 12 10 10 10 10 13 8 7 7 7 5 . Energy Cannon 8 | . . . 3 10 10 19 10 8 7 7 9 12 . Ballistic Gun 12 | . 12 12 10 10 10 8 8 16 19 13 10 6 . Ballistic Cannon 1 | . . . . . . . . . . 7 7 6 . Naked Turns 13 | . . . . . . . . . . . . 11 2 Heaviest Build 75 | 17 17 17 22 22 46 56 57 61 68 75 74 74 1 Greatest Support 62 | 40 40 40 40 40 40 40 60 62 62 60 60 60 3 Greatest Overweight (x) 10 | 4 . . . . 1 1 1 . 1 1 1 10 . Average Overweight (x) . | . . . . . . 1 . . . 1 1 . . Largest Inventory Capacity 12 | 8 8 8 8 8 12 12 12 12 12 12 12 12 4 Average Capacity 11 | 7 8 8 8 8 11 12 12 12 12 12 12 11 4 Most Carried 12 | 3 3 4 5 6 11 12 12 12 12 12 12 9 4 Average Carried 9 | 1 3 3 4 5 7 11 11 11 11 11 11 8 4 Final Capacity 12 | 8 8 8 8 8 12 12 12 12 12 12 12 4 4 Final Carried 12 | 3 3 4 5 6 11 11 12 12 12 12 9 4 4 Class Distribution -------------------- 40% | Hacker-Tank 25% | Hacker-Mutant 18% | Hacker-Skirmisher 10% | Scavenger-Skirmisher 4% | Scavenger-Tank Dominant Class ---------------- Hacker-Mutant | -10/Materials Hacker-Mutant | -10/Mines Hacker-Mutant | -9/Materials Hacker-Tank | -9/Mines Hacker-Tank | -9/Exiles Hacker-Mutant | -8/Mines Hacker-Skirmisher | -8/Materials Scavenger-Skirmisher | -8/Storage Hacker-Tank | -7/Factory Hacker-Tank | -7/Lower Caves Hacker-Tank | -7/Lower Caves Hacker-Tank | -7/Data Miner Hacker-Mutant | -6/Proximity Caves Resources | -11 -10 -10 -9 -9 -9 -8 -8 -8 -7 -7 -7 -7 -6 ----------- Run | Scr Mat Min Mat Min Exi Min Mat Sto Fac Low Low Dat Pro Matter Collected 2145 | 218 77 11 21 15 . 58 216 516 500 243 240 . 30 Remotely . | . . . . . . . . . . . . . . Salvage Created 4925 | . 70 145 16 126 . 428 1076 1492 869 372 331 . . Parts 230 | . 5 8 2 1 . 15 63 75 33 14 14 . . Haulers Intercepted 1 | . . . . . . . . 1 . . . . . Recyclers Shooed 1 | . . . . . . . . 1 . . . . . Parts Field Recycled . | . . . . . . . . . . . . . . Retrieved Matter . | . . . . . . . . . . . . . . Parts Self-Destructed . | . . . . . . . . . . . . . . Prevented . | . . . . . . . . . . . . . . Kills | -11 -10 -10 -9 -9 -9 -8 -8 -8 -7 -7 -7 -7 -6 ------- Run | Scr Mat Min Mat Min Exi Min Mat Sto Fac Low Low Dat Pro Combat Hostiles Destroyed 108 | . 2 3 . 3 . 11 26 31 15 9 8 . . Guns 71 | . 2 3 . 2 . 3 13 22 13 6 7 . . Cannons 32 | . . . . 1 . 7 10 8 2 3 1 . . AOE 3 | . . . . . . . 3 . . . . . . Classes Destroyed 13 | . 2 1 . 1 . 1 4 1 3 . . . . Worker 2 | . . . . . . . 2 . . . . . . Builder 2 | . . . . . . . 1 1 . . . . . Hauler 1 | . . . . . . . . 1 . . . . . Recycler 1 | . . . . . . . . . 1 . . . . Watcher 4 | . 1 . 1 . . . 1 . 1 . . . . Swarmer 28 | . 2 . . 2 . 5 9 6 . 1 3 . . Grunt 45 | . . 3 . . . 5 9 13 8 4 3 . . Brawler 3 | . . . . . . . . . 1 . 2 . . Duelist 4 | . . . . . . 1 1 2 . . . . . Sentry 18 | . . . . . . . 5 9 3 1 . . . Hunter 5 | . . . . . . . 2 1 . 2 . . . Programmer 4 | . . . . . . . . . 3 1 . . . Assembled 1 | . . . . 1 . . . . . . . . . Best Kill Streak 6 | . 2 2 1 2 . 2 3 4 6 3 3 . . Combat Bots Only 6 | . 2 2 . 2 . 2 3 4 6 3 3 . . Max Kills in Single Turn 2 | . 1 1 1 1 . 1 2 2 1 1 1 . . Gunslinging . | . . . . . . . . . . . . . . Exploded 1 | . . . . . . . 1 . . . . . . Melee . | . . . . . . . . . . . . . . Uniques/NPCs Destroyed . | . . . . . . . . . . . . . . Combat | -11 -10 -10 -9 -9 -9 -8 -8 -8 -7 -7 -7 -7 -6 -------- Run | Scr Mat Min Mat Min Exi Min Mat Sto Fac Low Low Dat Pro Damage Taken 4335 | . 38 63 . 95 . 127 310 702 354 562 174 1616 294 Core 864 | . 11 9 . 10 . . 51 78 19 17 9 388 272 Absorbed by Shields . | . . . . . . . . . . . . . . Core Remaining (%) 91 | 100 . 92 . . . 97 . 76 . . . . . Volleys Fired 263 | . 7 9 1 15 . 33 49 68 36 18 23 4 . Largest 5 | . 2 2 3 3 . 4 4 4 5 5 5 3 . Hottest 284 | . 60 60 116 116 . 185 198 205 216 246 284 168 . Shots Fired 859 | . 14 18 3 45 . 53 142 241 131 88 112 12 . Gun 547 | . 14 18 2 30 . 20 93 173 95 50 52 . . Cannon 306 | . . . 1 15 . 33 49 68 36 36 60 8 . Launcher 6 | . . . . . . . . . . 2 . 4 . Special . | . . . . . . . . . . . . . . Kinetic 371 | . 7 9 1 15 . 8 36 118 71 50 52 4 . Thermal 369 | . . . . . . 29 63 117 60 36 60 4 . Explosive 6 | . . . . . . . . . . 2 . 4 . Electromagnetic 113 | . 7 9 2 30 . 16 43 6 . . . . . Robot Hit Streak 48 | . 11 14 3 21 . 28 47 48 46 18 25 12 . Robot Miss Streak 2 | . . 2 . 2 . . 2 2 1 2 2 1 . Penetration Max . | . . . . . . . . . . . . . . Secondary Targets 1 | . . 1 . . . . . . . . . . . Max Gunslinging Chain 1 | . . 1 . . . . . . . . . . . Shots Hit Robots 558 | . 11 10 3 32 . 26 82 162 90 58 73 11 . Core Hits 234 | . 5 5 2 16 . 16 46 58 37 20 15 12 2 Critical Hits 7 | . . . . . . . 2 3 1 1 . . . Critical Kills 1 | . . . . . . . . 1 . . . . . Critical Parts Destroyed 4 | . . . . . . . 2 1 . 1 . . . Melee Attacks . | . . . . . . . . . . . . . . Impact . | . . . . . . . . . . . . . . Slashing . | . . . . . . . . . . . . . . Piercing . | . . . . . . . . . . . . . . Sneak Attacks . | . . . . . . . . . . . . . . Combat Hostiles . | . . . . . . . . . . . . . . Follow-up Attacks . | . . . . . . . . . . . . . . Damage Inflicted 11655 | . 133 128 70 433 . 892 1922 2957 1893 1185 1239 789 14 Guns 5905 | . 133 128 30 258 . 202 827 1978 1199 545 605 . . Cannons 4579 | . . . 40 175 . 690 789 964 694 454 634 139 . Explosions 1102 | . . . . . . . 292 . . 186 . 624 . Melee . | . . . . . . . . . . . . . . Ramming 69 | . . . . . . . 14 15 . . . 26 14 Kinetic 3070 | . 31 21 8 102 . 41 145 1105 757 456 320 84 . Thermal 6353 | . . . . . . 633 1230 1837 1136 543 919 55 . Explosive 853 | . . . . . . . 43 . . 186 . 624 . Electromagnetic 1310 | . 102 107 62 331 . 218 490 . . . . . . Impact . | . . . . . . . . . . . . . . Slashing . | . . . . . . . . . . . . . . Piercing . | . . . . . . . . . . . . . . Highest Corruption . | . . . . . . . . . . . . . . Average Corruption . | . . . . . . . . . . . . . . Corruption Purged . | . . . . . . . . . . . . . . Overload Shots . | . . . . . . . . . . . . . . Overflow Damage 96 | . . . . . . 37 . 19 27 . 13 . . Projectiles 96 | . . . . . . 37 . 19 27 . 13 . . Explosions . | . . . . . . . . . . . . . . Melee . | . . . . . . . . . . . . . . Knockbacks 7 | . . . . . . . . . . 4 . 3 . Impact . | . . . . . . . . . . . . . . Kinetic 7 | . . . . . . . . . . 4 . 3 . Secondary . | . . . . . . . . . . . . . . Self-Inflicted Damage 28 | . . . . . . . 21 . . . . . 7 Shots 1 | . . . . . . . 1 . . . . . . Rammed 8 | . . . . . . . 2 2 . . . 2 2 Targets Rammed 8 | . . . . . . . 2 2 . . . 2 2 Kicked . | . . . . . . . . . . . . . . Crushed . | . . . . . . . . . . . . . . Highest Temperature 226 | . 40 64 15 100 . 216 99 226 72 23 114 39 . Average Temperature 48 | . 23 23 10 30 . 80 29 64 24 9 36 27 . Received Heat Transfer 1681 | . . 57 . 40 . 99 99 486 150 234 72 330 114 Siege Activations . | . . . . . . . . . . . . . . Robots Corrupted 1 | . . . . . . 1 . . . . . . . Combat Hostiles 1 | . . . . . . 1 . . . . . . . Parts Fried 4 | . . . . . . 2 2 . . . . . . Impact Corruptions . | . . . . . . . . . . . . . . Robots Melted 1 | . . . . . . . . 1 . . . . . Combat Hostiles 1 | . . . . . . . . 1 . . . . . Parts Melted 15 | . . . . . . 4 1 6 1 1 2 . . Heat Transferred 11327 | . . . . . . 1391 2573 3182 1702 888 1480 111 . Parts Sabotaged . | . . . . . . . . . . . . . . Parts Stolen 1 | . . . . . . . . . . . 1 . . Parts Stripped . | . . . . . . . . . . . . . . Power Chain Reactions 4 | . . . . . . . 4 . . . . . . Missiles Intercepted . | . . . . . . . . . . . . . . Alert | -11 -10 -10 -9 -9 -9 -8 -8 -8 -7 -7 -7 -7 -6 ------- Run | Scr Mat Min Mat Min Exi Min Mat Sto Fac Low Low Dat Pro Peak Influence 446 | . 82 83 40 54 . 119 260 446 298 . . . . Average Influence 69 | . 39 37 19 25 . 29 89 133 71 . . . . Maximum Alert Level 2 | . . . . . . . 1 2 1 . . . . Low Security (%) 93 | 100 100 100 100 100 . 100 91 82 91 . . . . Level 1 4 | . . . . . . . 8 9 8 . . . . Level 2 1 | . . . . . . . . 8 . . . . . Level 3 . | . . . . . . . . . . . . . . Level 4 . | . . . . . . . . . . . . . . Level 5 . | . . . . . . . . . . . . . . High Security . | . . . . . . . . . . . . . . Max Security . | . . . . . . . . . . . . . . Squads Dispatched 10 | . . . . . . . 2 1 7 . . . . Investigation 1 | . . . . . . . . . 1 . . . . Extermination 3 | . . . . . . . . . 3 . . . . Reinforcement 2 | . . . . . . . 2 . . . . . . Assault 1 | . . . . . . . . 1 . . . . . Garrison 3 | . . . . . . . . . 3 . . . . Intercept . | . . . . . . . . . . . . . . Construction Impeded . | . . . . . . . . . . . . . . Haulers Reinforced . | . . . . . . . . . . . . . . Stealth | -11 -10 -10 -9 -9 -9 -8 -8 -8 -7 -7 -7 -7 -6 --------- Run | Scr Mat Min Mat Min Exi Min Mat Sto Fac Low Low Dat Pro Distress Signals 8 | . . . . . . 1 3 3 1 . . . . Communications Jammed . | . . . . . . . . . . . . . . Distress Signals . | . . . . . . . . . . . . . . Times Spotted 151 | . 5 5 2 14 . 9 31 41 17 9 9 4 5 Peak Tracking Total 16 | . 2 2 2 16 . 2 4 5 3 3 3 4 3 Tactical Retreats 8 | . 1 . . . . 2 2 2 . . . . 1 Traps | -11 -10 -10 -9 -9 -9 -8 -8 -8 -7 -7 -7 -7 -6 ------- Run | Scr Mat Min Mat Min Exi Min Mat Sto Fac Low Low Dat Pro Traps Triggered 7 | . . . . . . . . 4 3 . . . . Indirectly . | . . . . . . . . . . . . . . Trap Hack Attempts . | . . . . . . . . . . . . . . Triggered . | . . . . . . . . . . . . . . Disarmed . | . . . . . . . . . . . . . . Reprogrammed . | . . . . . . . . . . . . . . Reused . | . . . . . . . . . . . . . . Traps Extracted . | . . . . . . . . . . . . . . Installed . | . . . . . . . . . . . . . . Triggered 1 | . . . . . . . . . . . . . 1 Machines | -11 -10 -10 -9 -9 -9 -8 -8 -8 -7 -7 -7 -7 -6 ---------- Run | Scr Mat Min Mat Min Exi Min Mat Sto Fac Low Low Dat Pro Machines Disabled 13 | . . . . 1 . 3 3 6 . . . . . Max in Single Turn 2 | . . . . 1 . 1 2 1 . . . . . Garrison Access 1 | . . . . . . . . 1 . . . . . Machines Sabotaged . | . . . . . . . . . . . . . . Garrisons Compromised . | . . . . . . . . . . . . . . Overloaded Fab Kills . | . . . . . . . . . . . . . . Fab Network Shutdowns . | . . . . . . . . . . . . . . Hacking | -11 -10 -10 -9 -9 -9 -8 -8 -8 -7 -7 -7 -7 -6 --------- Run | Scr Mat Min Mat Min Exi Min Mat Sto Fac Low Low Dat Pro Machines Accessed 22 | . 1 . . . 1 . 6 6 4 . . 4 . Terminals 16 | . 1 . . . . . 5 6 4 . . . . Fabricators . | . . . . . . . . . . . . . . Repair Stations 1 | . . . . . . . 1 . . . . . . Recycling Units . | . . . . . . . . . . . . . . Scanalyzers . | . . . . . . . . . . . . . . Garrison Access . | . . . . . . . . . . . . . . Total Hacks 54 | . 2 . . . 1 . 10 8 8 . . 25 . Successful 39 | . 1 . . . 1 . 5 4 3 . . 25 . Failed 15 | . 1 . . . . . 5 4 5 . . . . Catastrophic 1 | . . . . . . . . 1 . . . . . Database Lockouts . | . . . . . . . . . . . . . . Manual 16 | . . . 1 . 1 . 5 7 2 . . . . Terminals 27 | . 2 . . . . . 9 8 8 . . . . Fabricators . | . . . . . . . . . . . . . . Repair Stations 1 | . . . . . . . 1 . . . . . . Recycling Units . | . . . . . . . . . . . . . . Scanalyzers . | . . . . . . . . . . . . . . Garrison Access . | . . . . . . . . . . . . . . Terminal Hacks 39 | . 1 . . . 1 . 5 4 3 . . 25 . Record 11 | . . . . . . . . . . . . 11 . Part Schematic 8 | . . . . . . . . . . . . 8 . Robot Schematic 4 | . . . . . . . . . 1 . . 3 . Prototype ID Bank 3 | . . . . . . . . . . . . 3 . Open Door 2 | . . . . . . . . 2 . . . . . Branch Access Points 4 | . . . . . . . 1 2 1 . . . . Unreport Threat 1 | . . . . . . . 1 . . . . . . Locate Traps 4 | . 1 . . . . . 2 . 1 . . . . Hauler Manifests 1 | . . . . . . . 1 . . . . . . EX-Prototype ID Bank 1 | . . . . . 1 . . . . . . . . Fabricator Hacks . | . . . . . . . . . . . . . . Repair Station Hacks . | . . . . . . . . . . . . . . Recycling Unit Hacks . | . . . . . . . . . . . . . . Scanalyzer . | . . . . . . . . . . . . . . Garrison Access Hacks . | . . . . . . . . . . . . . . Unauthorized Hacks . | . . . . . . . . . . . . . . Terminals . | . . . . . . . . . . . . . . Fabricators . | . . . . . . . . . . . . . . Repair Stations . | . . . . . . . . . . . . . . Recycling Units . | . . . . . . . . . . . . . . Scanalyzers . | . . . . . . . . . . . . . . Garrison Access . | . . . . . . . . . . . . . . Data Cores Recovered . | . . . . . . . . . . . . . . Used . | . . . . . . . . . . . . . . Hacking Detections 12 | . 1 . 1 . . . 4 3 3 . . . . Full Trace Events 2 | . . . . . . . . 1 1 . . . . Feedback Events . | . . . . . . . . . . . . . . Feedback Blocked . | . . . . . . . . . . . . . . Robot Schematics Acquired 4 | . . . . . . . . . 1 . . 3 . Robots Built . | . . . . . . . . . . . . . . Matter . | . . . . . . . . . . . . . . Time . | . . . . . . . . . . . . . . Total Robot Build Rating . | . . . . . . . . . . . . . . Part Schematics Acquired 8 | . . . . . . . . . . . . 8 . Parts Built . | . . . . . . . . . . . . . . Matter . | . . . . . . . . . . . . . . Time . | . . . . . . . . . . . . . . Total Part Build Rating . | . . . . . . . . . . . . . . Parts Repaired . | . . . . . . . . . . . . . . Time . | . . . . . . . . . . . . . . Parts Recycled . | . . . . . . . . . . . . . . Recycled Matter . | . . . . . . . . . . . . . . Retrieved Matter . | . . . . . . . . . . . . . . Retrieved Components . | . . . . . . . . . . . . . . Parts Scanalyzed . | . . . . . . . . . . . . . . Part Schematics Acquired . | . . . . . . . . . . . . . . Parts Damaged . | . . . . . . . . . . . . . . Bothacking | -11 -10 -10 -9 -9 -9 -8 -8 -8 -7 -7 -7 -7 -6 ------------ Run | Scr Mat Min Mat Min Exi Min Mat Sto Fac Low Low Dat Pro Used RIF Installer . | . . . . . . . . . . . . . . Robots Hacked . | . . . . . . . . . . . . . . Non-combat . | . . . . . . . . . . . . . . Combat . | . . . . . . . . . . . . . . Robot Hacks Applied . | . . . . . . . . . . . . . . Relay Couplers Released 2 | . . . . . . . . 2 . . . . . Machine Destruction 2 | . . . . . . . . 2 . . . . . Robots Rewired . | . . . . . . . . . . . . . . Allies Hacked . | . . . . . . . . . . . . . . Hacks Repelled . | . . . . . . . . . . . . . . Allies | -11 -10 -10 -9 -9 -9 -8 -8 -8 -7 -7 -7 -7 -6 -------- Run | Scr Mat Min Mat Min Exi Min Mat Sto Fac Low Low Dat Pro Total Allies 3 | . . 3 . . . . . . . . . . . Largest Group 3 | . . 3 2 2 . . . . . . . . . Highest-Rated Group 40 | . . 40 32 32 . . . . . . . . . Highest-Rated Ally 16 | . . 16 16 16 . . . . . . . . . Total Orders 1 | . . . . . . . . 1 . . . . . EXPLORE 1 | . . . . . . . . 1 . . . . . Ally Attacks 22 | . . 18 2 2 . . . . . . . . . Total Damage 254 | . . 190 30 34 . . . . . . . . . Kills 4 | . . 3 1 . . . . . . . . . . Allies Corrupted 1 | . . . . . . . . 1 . . . . . Allies Melted . | . . . . . . . . . . . . . . Intel | -11 -10 -10 -9 -9 -9 -8 -8 -8 -7 -7 -7 -7 -6 ------- Run | Scr Mat Min Mat Min Exi Min Mat Sto Fac Low Low Dat Pro Robot Analysis Total 115 | . . . . . . . . . . . . 115 . Derelict Logs Recovered 6 | . . 1 . 1 . . . . . 1 1 . 2 Drone Launches 16 | . . . . . . . . 16 . . . . . Drone Recoveries . | . . . . . . . . . . . . . . Exploration | -11 -10 -10 -9 -9 -9 -8 -8 -8 -7 -7 -7 -7 -6 ------------- Run | Scr Mat Min Mat Min Exi Min Mat Sto Fac Low Low Dat Pro Turns Passed 11942 | 120 155 1195 318 378 1419 1533 1404 1794 1607 918 661 345 95 Spaces Moved 6031 | 72 75 725 187 204 798 749 580 786 744 444 299 186 182 Core 231 | 26 . . . . . . . . . . . 23 182 Treads 5800 | 46 75 725 187 204 798 749 580 786 744 444 299 163 . Legs . | . . . . . . . . . . . . . . Wheels . | . . . . . . . . . . . . . . Hover . | . . . . . . . . . . . . . . Flight . | . . . . . . . . . . . . . . Fastest Speed 50 | 50 160 160 160 160 160 180 160 155 155 190 190 50 50 Average Speed 167 | 130 160 160 160 160 177 180 162 156 176 190 190 175 50 Slowest Speed 550 | 250 160 160 160 160 180 180 180 160 190 190 190 550 50 Overloaded Moves . | . . . . . . . . . . . . . . Propulsion Burnouts . | . . . . . . . . . . . . . . Robots Hopped . | . . . . . . . . . . . . . . Cave-ins Triggered . | . . . . . . . . . . . . . . Exploration Rate (%) 54 | 4 19 95 15 42 93 99 55 89 22 62 57 78 30 Regions Visited 13 Branch Regions 9 Pre-discovered Areas 26 | . . . . 1 . . . . . . . 24 1 Known Exits Taken 13 | 1 1 1 1 1 1 1 1 1 1 1 1 1 . Unknown Exits Taken . | . . . . . . . . . . . . . . Scrap Searched 6 | . . 1 . . . . . . . 3 . . 2 Spaces Dug 4 | . . . . . . . . 1 3 . . . . Terrain Destroyed 126 | . . . . . . 4 35 20 5 43 4 15 . Melee . | . . . . . . . . . . . . . . Projectile 43 | . . . . . . 4 2 20 5 8 4 . . AOE 83 | . . . . . . . 33 . . 35 . 15 . Actions | -11 -10 -10 -9 -9 -9 -8 -8 -8 -7 -7 -7 -7 -6 --------- Run | Scr Mat Min Mat Min Exi Min Mat Sto Fac Low Low Dat Pro Total 7336 | 95 98 744 203 225 801 891 942 1195 963 469 331 194 185 Wait 901 | 10 17 10 13 6 . 104 288 294 148 3 8 . . Move 6019 | 71 74 724 186 203 797 748 579 786 743 443 298 185 182 Hop . | . . . . . . . . . . . . . . Pick Up 23 | 3 . 1 1 1 3 1 4 4 5 . . . . Fast Attach 43 | 9 . . 2 . . . 5 14 11 1 . . 1 Attach 11 | . . . . . . 2 2 3 . 1 2 1 . Detach 8 | 1 . . . . . 1 . 4 . 1 . 1 . Swap 14 | . . . . . 1 2 8 . 1 2 . . . Drop 35 | 1 . . . . . . 5 13 15 . . 1 . Fire 263 | . 7 9 1 15 . 33 49 68 36 18 23 4 . Melee . | . . . . . . . . . . . . . . Ram 2 | . . . . . . . . . . . . . 2 Kick . | . . . . . . . . . . . . . . Crush 5 | . . . . . . . 2 1 . . . 2 . Escape Stasis 4 | . . . . . . . . . 4 . . . . Rewire . | . . . . . . . . . . . . . . Trap . | . . . . . . . . . . . . . . Miscellaneous 8 | . . . . . . . . 8 . . . . . Route ------- -11/Scrapyard -10/Materials -10/Mines (discovered 2 exits: *Mat x2) -9/Materials -9/Mines (discovered 2 exits: *Mat / *Exi) -9/Exiles -8/Mines (discovered 2 exits: *Mat x2) -8/Materials -8/Storage (discovered 2 exits: *Fac / Rec) -7/Factory (discovered 2 exits: *Low x2) -7/Lower Caves -7/Lower Caves -7/Data Miner -6/Proximity Caves History --------- Turn | Location | Event 8 | -11/Scrapyard | Identified exit to Materials 8 | -11/Scrapyard | Discovered exit to Materials (range 14) 121 | -11/Scrapyard | Entered Materials 121 | -10/Materials | Evolved 1 slot: Utility x1 246 | -10/Materials | Identified exit to Mines 246 | -10/Materials | Discovered exit to Mines (range 7) 276 | -10/Materials | Entered Mines 278 | -10/Mines | Assisted by bots powering up and referring to "LRC-V3" 312 | -10/Mines | Build established: Hacker-Mutant 434 | -10/Mines | Received a Rocket Launcher from a helpful Derelict 516 | -10/Mines | Identified exit to Materials 516 | -10/Mines | Discovered exit to Materials (range 11) 1378 | -10/Mines | Found a damaged Exp. Sensor Array with a note attached 1471 | -10/Mines | Entered Materials 1471 | -9/Materials | Accompanied by 2 allies 1471 | -9/Materials | Evolved 2 slots: Weapon x2 1481 | -9/Materials | Identified exit to Mines 1481 | -9/Materials | Discovered exit to Mines (range 11) 1789 | -9/Materials | Entered Mines 1789 | -9/Mines | Accompanied by 2 allies 1797 | -9/Mines | Met a Derelict bent on vengeance 1806 | -9/Mines | Assembled infested the area 1983 | -9/Mines | Learned location of Zion (-6) 1990 | -9/Mines | Build established: Hacker-Tank 2061 | -9/Mines | Identified exit to Materials 2061 | -9/Mines | Discovered exit to Materials (range 6) 2154 | -9/Mines | Identified exit to Exiles 2154 | -9/Mines | Discovered exit to Exiles (range 5) 2167 | -9/Mines | Entered Exiles 2207 | -9/Exiles | Met 8R-AWN 2241 | -9/Exiles | Met EX-HEX 2371 | -9/Exiles | Met EX-DEC 2458 | -9/Exiles | Met EX-BIN 2496 | -9/Exiles | Aligned with FarCom system 2497 | -9/Exiles | Given EX-Vault access code 2602 | -9/Exiles | Opened EX-Vault 2676 | -9/Exiles | Warned to stay clear of 0b10 Research branches 2974 | -9/Exiles | Visited The Gauntlet 3340 | -9/Exiles | Found Gui. Plasma Cannon 3352 | -9/Exiles | Found AWS/Gauss 3557 | -9/Exiles | Identified exit to Mines 3557 | -9/Exiles | Discovered exit to Mines (range 14) 3586 | -9/Exiles | Stole two prototypes: Gui. Plasma Cannon, AWS/Gauss 3586 | -9/Exiles | Entered Mines 3910 | -8/Mines | Build established: Hacker-Mutant 3927 | -8/Mines | Discovered exit to Materials (range 6) 4787 | -8/Mines | Build established: Hacker-Skirmisher 4941 | -8/Mines | Discovered exit to Materials (range 10) 5119 | -8/Mines | Entered Materials 5119 | -8/Materials | Evolved 2 slots: Propulsion x1, Utility x1 5290 | -8/Materials | Identified exit to Storage 6523 | -8/Materials | Entered Storage 7393 | -8/Storage | Build established: Scavenger-Skirmisher 7640 | -8/Storage | Found Prototype Processor 7640 | -8/Storage | Identified Exp. Targeting Computer 7845 | -8/Storage | Identified exit to Recycling 8307 | -8/Storage | Identified exit to Factory 8307 | -8/Storage | Discovered exit to Factory (range 8) 8317 | -8/Storage | Entered Factory 8317 | -7/Factory | Evolved 2 slots: Utility x1, Weapon x1 8319 | -7/Factory | FarCom data flow suspended 8587 | -7/Factory | Garrison activated, responded to threat 8631 | -7/Factory | Build established: Scavenger-Tank 8778 | -7/Factory | Identified exit to Lower Caves 9636 | -7/Factory | Build established: Hacker-Tank 9924 | -7/Factory | Entered Lower Caves 10004 | -7/Lower Caves | Learned Factory stockpile data 10571 | -7/Lower Caves | Attracted the attention of an 0b10 checkpoint 10795 | -7/Lower Caves | Identified exit to Lower Caves 10795 | -7/Lower Caves | Discovered exit to Lower Caves (range 15) 10842 | -7/Lower Caves | Entered another Lower Caves area 11029 | -7/Lower Caves | Encountered a Warlord checkpoint 11212 | -7/Lower Caves | Learned Factory terminal intel 11443 | -7/Lower Caves | Spotted 2X-50W(f) 11444 | -7/Lower Caves | Encountered a Master Thief 11453 | -7/Lower Caves | Gui. Plasma Cannon stolen by Master Thief 11485 | -7/Lower Caves | Identified exit to Data Miner 11485 | -7/Lower Caves | Discovered exit to Data Miner (range 9) 11503 | -7/Lower Caves | Entered Data Miner 11503 | -7/Data Miner | Identified exit to Proximity Caves 11503 | -7/Data Miner | Discovered exit to Proximity Caves (range 6) 11540 | -7/Data Miner | Met Data Miner 11600 | -7/Data Miner | Learned location of Section 7 (-3) 11600 | -7/Data Miner | Acquired the access code to Warlord's prototype stash 11631 | -7/Data Miner | Received God Mode back door access code from Data Miner 11771 | -7/Data Miner | Interfaced with the Data Conduit 11840 | -7/Data Miner | Core integrity fell below 50% 11848 | -7/Data Miner | Entered Proximity Caves 11860 | -6/Proximity Caves | Lost 13 parts (1p3n3u6w) 11891 | -6/Proximity Caves | Core integrity fell below 20% 11928 | -6/Proximity Caves | Learned Factory emergency access door positions 11943 | -6/Proximity Caves | Destroyed by G-67 Veteran with Plasma Rifle Last Messages --------------- LOCATION=PROXIMITY CAVES GOAL=ESCAPE 11848_ Acquired derelict log, extracted data. World map confirmed: -4/Factory. 11849_ Searching scrap... 11849_ Found 41 Matter. 11849_ Found Imp. Reclamation Unit. 11849_ Found Fusion Compressor. 11849_ Found Humpback. 11849_ Found Coolant Injector. 11850_ Acquired 22 matter. 11850_ Acquired Coolant Injector. 11867_ Slammed into G-50 Soldier. 11870_ Searching scrap... 11870_ Found 31 Matter. 11870_ Found Imp. Cryofiber Web. 11871_ Acquired 8 matter. 11923_ Slammed into P-60 Hacker. 11928_ Acquired derelict log, extracted data. Data stored: Factory emergency access points. Map ----- +----------------------------------------------------+ | | | | | ?????????????????????????????????????????????????? | | ?????????????????????????????????????????????????? | | ?????????????????????????????????????????????????? | | ?????????????????????????????????????????????????? | | ?????????????????????????????????????????????????? | | ?????????????????????????????????????????????????? | | ?????????????????????????????????????????????????? | | ?????????????????????????????????????????????????? | | ?????????????????????????????????????????????????? | | ?????????????????????????????????????????????????? | | ?????????????????????????????????????????????????? | | ?????????????????????????????????????????????????? | | ?????????????????????????????????????????????????? | | ?????????????????????????????????????????????????? | | ?????????????????######??????????????????????????? | | ????##??????###### #??????????????????????????? | | ??### ##??### ## #??????????????????????????? | | ??# #### #??????????????????????????? | | ??# ## #??????????????????????????? | | ??# ### ##?????????????????????????? | | ??# #### gg ####??##### ### ?????????? | | ??## #?## ## ????????? | | ???# #??# ??????????? | | ???# #??# @ ##????????????????? | | ???## ##??# ###?????????????????? | | ????# # ##???## ## #???????????????????? | | ????# ## #?????##### #???????????????????? | | #???# ### ????????# ?????????????????? | | #??# #?## ???????## #???????????????? | | #?# #??? #???????## ###???????????????? | | ## ##?? ##????????# ##?????????????????? | | #?? #????????? #??????????????????? | | ##?? #????????? #??????????????????? | | #??? #????????? ??????????????????? | | #??? ????????? ?????????????????? | | ##??????????????? #### ????????????????? | | ###??????????????? #??? ?????????????????? | | #????????????????? #??????????????????????? | | ##???????????##???? ???????????????????????? | | #???###???## #??????????????????????????????? | | ## #???# ##### #??????????????????????????????? | | #?# ##### #??????????????????????????????? | | ??# % ##??????????????????????????????? | | ??######### ##??????????????????????????????? | | ??????????## #??????????????????????????????? | | ######?????### ##??????????????????????????????? | | #???????# ###???????????????????????????????? | | #### #???????# #?????????????????????????????????? | +----------------------------------------------------+ Best States ------------- Heat Dissipation 88 Coolant Potential 65 Energy Generation 18 Energy Capacity 290 Matter Stores 300 Matter Capacity 300 Sight Range 16 Terrain Scan Density 10 Armor Coverage 225 Resistance: KI 35 Resistance: TH 45 Resistance: EX 35 Resistance: EM 35 Resistance: I 35 Resistance: S 35 Resistance: P 35 Core Shielding 20 Propulsion Shielding 33 Evasion (%) 50 Armor Integrity Analysis 33 Recoil Reduction 3 Offensive Hacking 20 Item Schematics ----------------- Combat Drone Bay | -7/Data Miner | Free Lgt. Regenerative Plating | -7/Data Miner | Free Exp. Cesium-ion Thruster | -7/Data Miner | Free Triangulator | -7/Data Miner | Free Exp. Terrain Scanner | -7/Data Miner | Free Tactical Coordination Suite | -7/Data Miner | Free Exp. Transmission Jammer | -7/Data Miner | Free Mni. Smartbomb Launcher | -7/Data Miner | Free Robot Schematics ------------------ W-25 Informer | -7/Factory | Hacked S-27 Virus | -7/Data Miner | Free G-50 Soldier | -7/Data Miner | Free I-36 Angel | -7/Data Miner | Free Fabricated ------------ Nothing Alien Tech Used ----------------- None Achievements -------------- Unlimited Data Challenges ------------ None Game ------ Seed DisruptionCoolantGreatsword Manual? 0 Play Time 01:35:39 Cumulative 102.9 hours Start 2020.02.16 @ 13:08:00 End 2020.02.16 @ 21:43:51 Sessions 3 Manual Loads 0 Difficulty Explorer Special Mode None Game No. 73 Rogue 58 Adventurer 0 Explorer 15 Win Type - Total 1 Types 1/0/0/0/0/0/0 Lore% 48 Gallery% 53 Achievement% 45 Wizard Run 0 Options --------- ASCII 1 Keyboard 1 Movement Vi Keybinds 0 Fullscreen 1 Font 18/X11Bold Map View 76x50 Tactical HUD 1 Map Filters NONE Filters LOW_CONTRAST(47,30,31)|SHIFT_HUE(1) Steam 1 RUN: 56e9dc64-71e0-46eb-ab90-ba3503484b8f